 Dungeon Crawl Stone Soup version 0.25.1-2-g60ff931df9 (webtiles) character file.

Game seed: 1866372149985957850

91 Erymatos the Chopper (level 4, 0/41 HPs)
             Began as a Minotaur Berserker on Oct 31, 2020.
             Was a Believer of Trog.
             Slain by an adder (2 damage)
             ... on level 2 of the Dungeon.
             The game lasted 00:01:45 (1849 turns).

Erymatos the Chopper (Minotaur Berserker)           Turns: 1849, Time: 00:01:45

Health: 0/41       AC:  2    Str: 23    XL:     4   Next: 34%
Magic:  3/3        EV: 12    Int:  4    God:    Trog [**....]
Gold:   108        SH:  0    Dex:  9    Spells: 3/3 levels left

rFire    . . .     SeeInvis .   a - +0 hand axe
rCold    . . .     Gourm    .   (no shield)
rNeg     . . .     Faith    .   b - +0 animal skin
rPois    .         Spirit   .   (helmet restricted)
rElec    .         Reflect  .   (no cloak)
rCorr    .         Harm     .   (no gloves)
MR       .....                  (no boots)
Stlth    +.........             (no amulet)
HPRegen  0.13/turn              (no ring)
MPRegen  0.08/turn              (no ring)

@: lethally poisoned (0 -> -2), berserk cooldown, slowed, very slow
A: retaliatory headbutt, horns 2
a: Berserk, Trog's Hand, Renounce Religion


You were on level 2 of the Dungeon.
You worshipped Trog.
Trog was pleased with you.
You were hungry.

You visited 1 branch of the dungeon, and saw 2 of its levels.

You collected 108 gold pieces.

Inventory:

Hand Weapons
 a - a +0 hand axe (weapon)
Armour
 b - a +0 animal skin (worn)
Jewellery
 j - an uncursed ring of fire {unknown}
Wands
 m - a wand of disintegration (12)
Scrolls
 d - a scroll of immolation {unknown}
 f - 2 scrolls of identify {unknown}
 g - a scroll of teleportation {unknown}
 h - 4 scrolls of remove curse {unknown}
 i - a scroll of amnesia {unknown}
 k - a scroll of fear {unknown}
Potions
 e - a potion of mutation {unknown}
Comestibles
 c - 7 rations


   Skills:
 + Level 4.8 Fighting
 + Level 4.9 Axes
 + Level 2.7 Armour
 + Level 2.7 Dodging


You had 3 spell levels left.
You didn't know any spells.
Your spell library was empty.

Dungeon Overview and Level Annotations

Branches:
Dungeon (2/15)

Altars:
Uskayaw


Innate Abilities, Weirdness & Mutations

You reflexively headbutt those who attack you in melee.
You have a pair of horns on your head.


Message History

* * * LOW HITPOINT WARNING * * *
The jackal bites you.
* * * LOW HITPOINT WARNING * * *
The adder bites you.
* * * LOW HITPOINT WARNING * * *
You are lethally poisoned!
The adder poisons you!
The jackal bites you but does no damage.
You closely miss the adder. You closely miss the jackal.
* * * LOW HITPOINT WARNING * * *
You feel sick. The jackal closely misses you. The adder barely misses you.
You furiously retaliate!
You headbutt the adder. The jackal misses you. You furiously retaliate!
You headbutt the jackal!
You kill the jackal!
Trog accepts your kill. The adder barely misses you.
You closely miss the adder.
The adder is moderately wounded.
The adder bites you but does no damage. The adder bites you.
You die...

#.#.#.#
##########.###..#..#.
#+#+#.#
......................
......#
............†..#...#.#
......#
............†......#
..(...#
..........†....##..#
......#
.............$.......
......#
..............####.###
..(...#
..............# .#
.....##
.......@S.....+ .....+
..............# ..(..#
..............+ .....#
..............# .....#
..............# .....#
.%............# .....#
..............< .....#
##+#########.#. ######


You could see an adder.

Vanquished Creatures
  Natasha (D:2)
  2 adders (D:2)
  An ooze (D:1)
  A worm (D:2)
  A dart slug (D:2)
  2 leopard geckos
  An orc (D:2)
  A ball python (D:2)
  A giant cockroach (D:2)
  A hobgoblin (D:1)
  3 jackals (D:2)
  3 bats
  2 frilled lizards
  5 goblins
  5 kobolds
  11 rats
41 creatures vanquished.

Notes
Turn   | Place    | Note
-------+----------+-------------------------------------------
     0 | D:1      | Erymatos the Minotaur Berserker began the quest for the
                  | Orb.
     0 | D:1      | Reached XP level 1. HP: 19/19 MP: 0/0
   409 | D:1      | Reached XP level 2. HP: 23/27 MP: 1/1
  1007 | D:2      | Reached XP level 3. HP: 19/33 MP: 2/2
  1227 | D:2      | Noticed a +0 hand axe
  1248 | D:2      | Found a hide-covered altar of Uskayaw.
  1248 | D:2      | Noticed a +0 dagger
  1419 | D:2      | Reached ** piety under Trog
  1821 | D:2      | Noticed Natasha
  1833 | D:2      | Killed Natasha
  1833 | D:2      | Reached XP level 4. HP: 27/41 MP: 3/3
  1847 | D:2      | HP: 2/41 [adder (2)]
  1849 | D:2      | Slain by an adder

Illustrated notes

Levels and vault maps discovered:
D:1:      moated_graveyard_arrival, layout_basic
D:2:      minmay_chambers_of_twos, layout_basic,
          grunt_temple_overflow_gold_and_silver, dancing_weapons_uskayaw,
          uniq_natasha

Skill      XL: |  1  2 |
---------------+-------+-----
Axes           | 4 |  4.9
Fighting       | 4 |  4.8
Armour         | |  2.7
Dodging        | |  2.7

Action                   |  1- 3 |  4- 6 || total
-------------------------+-------+-------++-------
Melee: Hand axe          |    75 |     6 ||    81
       Headbutt          |     9 |     1 ||    10
Invok: Berserk           |     1 |       ||     1
  Eat: Chunk             |     3 |       ||     3
Armor: Animal skin       |    18 |     5 ||    23
Dodge: Dodged            |    44 |    10 ||    54
